 Dungeon Crawl Stone Soup version 0.28-a0-909-g796cbd3a86 (webtiles) character file.

Game seed: 1026195021048340653

312 bearlyready the Skirmisher (level 6, -28/58 HPs)
             Began as a Hill Orc Artificer on Nov 25, 2021.
             Annihilated by a large abomination (35 damage)
             ... on level 1 of the Abyss.
             The game lasted 00:06:08 (4351 turns).

bearlyready the Skirmisher (Hill Orc Artificer)     Turns: 4351, Time: 00:06:09

Health: -28/58     AC:  7    Str: 17    XL:     6   Next: 42%
Magic:  6/6        EV:  9    Int: 11    God:
Gold:   210        SH:  0    Dex: 11    Spells: 5/5 levels left

rFire   . . .      SeeInvis .   a - +0 whip
rCold   . . .      Faith    .   (no shield)
rNeg    . . .      Spirit   .   f - +0 scale mail
rPois   .          Reflect  .   g - +0 helmet
rElec   .          Harm     .   (no cloak)
rCorr   .          Rampage  .   (no gloves)
Will    .....                   (no boots)
Stlth   ..........              (no amulet)
HPRegen 0.19/turn               (no ring)
MPRegen 0.10/turn               (no ring)

@: no status effects
A: no striking features
a: no special abilities


You were on level 1 of the Abyss.
You visited 1 branch of the dungeon, and saw 3 of its levels.
You visited the Abyss 1 time.

You collected 210 gold pieces.

Inventory:

Hand Weapons
 a - a +0 whip (weapon)
 k - a +0 short sword
 r - a +0 long sword
Missiles
 j - 80 stones
 l - 49 arrows
 n - 18 poisoned darts (quivered)
 u - 21 bolts
Armour
 b - a +0 leather armour
 f - a +0 scale mail (worn)
 g - a +0 helmet (worn)
Wands
 c - a wand of flame (4)
 d - a wand of charming (15)
 s - a wand of acid (2)
Scrolls
 p - a scroll of immolation
 v - a scroll of enchant armour
Potions
 h - 2 potions of curing
 i - a potion of haste {unknown}
 m - a potion of might {unknown}
 o - a potion of heal wounds {unknown}
 t - a potion of berserk rage {unknown}
Miscellaneous
 e - a piece from Xom's chessboard (15/15)


   Skills:
 + Level 6.4 Fighting
 - Level 2.0 Maces & Flails
 - Level 2.0 Throwing
 - Level 2.1 Armour
 - Level 0.7 Dodging
 - Level 0.7 Stealth
 - Level 3.0 Evocations


You had 5 spell levels left.
You didn't know any spells.
Your spell library contained the following spells:

 Spells                   Type           Power      Damage    Failure   Level
 Apportation              Tloc           0%         N/A       77%         1
 Alistair's Intoxication  Tmut/Pois      0%         N/A       100%        5


Dungeon Overview and Level Annotations

Branches:
Dungeon (3/15)

Altars:


Message History

The ynoxinul gestures.
You don't have any such object.
Evoke which item? (* to show all) (? for menu, Esc to quit)
Aiming: Corrosive Bolt
Press: ? - help, Shift-Dir - straight line, f - ufetubus
Aim: an ufetubus (almost dead, summoned, 57% to hit)
The bolt of acid hits the ynoxinul!
The acid corrodes the ynoxinul!
The ynoxinul is heavily wounded.
The bolt of acid hits the ufetubus!
You kill the ufetubus!
The ufetubus disappears in a puff of smoke!
The ynoxinul gestures at you. The iron shot hits you!!
Ouch! That really hurt!
* * * LOW HITPOINT WARNING * * *
Aiming: Corrosive Bolt
Press: ? - help, Shift-Dir - straight line, f - ynoxinul
Aim: a ynoxinul (heavily wounded, covered in acid, 74% to hit)
The bolt of acid hits the ynoxinul!
The ynoxinul seems to be corroded for longer.
The ynoxinul is almost dead.
The ynoxinul gestures.
Aiming: Corrosive Bolt
Press: ? - help, Shift-Dir - straight line, f/p - ynoxinul
Aim: a ynoxinul (almost dead, covered in acid, 74% to hit)
The bolt of acid hits the ynoxinul!
The ynoxinul seems to be corroded for longer.
You kill the ynoxinul!
The ufetubus disappears in a puff of smoke!
Your piece from Xom's chessboard (15/15) has regained five charges.
Your Fighting skill gained 2 levels and is now at level 6!
You have reached level 6!
Your experience leads to an increase in your attributes!
Increase (S)trength, (I)ntelligence, or (D)exterity?
You feel stronger.
The substance of the Abyss twists violently, and a gateway leading out appears!
There is a gateway leading out of the Abyss here.
The large abomination hits you!!
Ouch! That really hurt!
You die...

.##### #. ..
..#. # # . #
.§###. # # #
.#.#.# #..#..##
# .§#. .5.. .. #
#.... .#.#......
# ##.##
.55.##..#..
###X#...#.
....#.. #§@##.#.
..# .. # ##### .
## .... #
....##..##X..#.#
# .#. #. . ##..
#. ..... .. ###
. X. #.#.. #..
.. #..# .#. .
##.## . #....# .


You could see a large abomination.

Vanquished Creatures
  A ynoxinul (Abyss:1)
  Robin (D:3)
  5 gnolls
  2 adders
  An ufetubus (D:3)
  3 worms
  3 dart slugs (D:1)
  An orc (D:2)
  3 ball pythons
  9 endoplasms
  A giant cockroach (D:3)
  14 goblins
  3 hobgoblins
  3 quokkas
  6 bats
  3 frilled lizards
  4 kobolds
  5 rats
68 creatures vanquished.

Vanquished Creatures (others)
  A fungus (D:3)
  3 plants (D:3)
4 creatures vanquished.

Grand Total: 72 creatures vanquished

Notes
Turn   | Place    | Note
-------+----------+-------------------------------------------
     0 | D:1      | bearlyready the Hill Orc Artificer began the quest for the
                  | Orb.
     0 | D:1      | Reached XP level 1. HP: 16/16 MP: 1/1
    94 | D:1      | Reached skill level 2 in Fighting
   117 | D:1      | Reached XP level 2. HP: 25/25 MP: 2/2
   403 | D:1      | Reached skill level 3 in Fighting
   425 | D:1      | Reached skill level 1 in Maces & Flails
   429 | D:1      | Reached XP level 3. HP: 8/31 MP: 3/3
  2234 | D:2      | Reached XP level 4. HP: 30/40 MP: 4/4
  2548 | D:3      | Noticed Robin
  2736 | D:2      | Reached skill level 1 in Throwing
  2823 | D:2      | Reached skill level 4 in Fighting
  2839 | D:3      | Killed Robin
  2947 | D:3      | Reached XP level 5. HP: 27/46 MP: 5/5
  3579 | D:3      | Found a faded altar of an unknown god.
  4177 | D:3      | Cast into level 1 of the Abyss (gnoll)
  4296 | Abyss:1  | Noticed a shadow
  4319 | Abyss:1  | Noticed a ynoxinul
  4319 | Abyss:1  | Noticed a large abomination
  4349 | Abyss:1  | Killed a ynoxinul
  4350 | Abyss:1  | Reached skill level 6 in Fighting
  4350 | Abyss:1  | Reached XP level 6. HP: 6/58 MP: 6/6
  4351 | Abyss:1  | Annihilated by a large abomination

Illustrated notes

Levels and vault maps discovered:
D:1:      minmay_arrival_shoal_huts, layout_rooms
D:2:      layout_basic
D:3:      layout_basic, shapermc_ecumenical_altar_acropolis,
          grunt_decor_arrowhead, uniq_robin
Abyss:1:  base: D:1, minivault_11

Skill      XL: |  1  2  3  4  5 |
---------------+----------------+-----
Fighting       | 2 3 4 6 |  6.4
Maces & Flails | 1 2 |  2.0
Throwing       | 1 2 |  2.0
Armour         | |  2.1
Dodging        | |  0.7
Stealth        | |  0.7
Evocations     | |  3.0

Action                   |  1- 3 |  4- 6 || total
-------------------------+-------+-------++-------
Melee: Unarmed           |    52 |       ||    52
       Club              |     4 |       ||     4
       Whip              |   110 |   223 ||   333
Throw: Dart              |       |     1 ||     1
Evoke: Wand              |    10 |     5 ||    15
       Piece from Xom's  |     1 |     7 ||     8
  Use: Scroll            |       |     4 ||     4
 Stab: Petrified         |       |     6 ||     6
       Confused          |       |     1 ||     1
Armor: Scale mail        |    90 |   129 ||   219
       Leather armour    |     1 |       ||     1
Dodge: Dodged            |    98 |   124 ||   222

Table legend: (Time is in decaauts)
 A = Elapsed time spent in this place.
 B = Non-inter-level travel time spent in this place.
 C = Inter-level travel time spent in this place.
 D = Time resting spent in this place.
 E = Time spent auto-exploring this place.
 F = Levels seen in this place.
 G = Mean time per level.
                   A        B        C        D        E       F      G
               +--------+--------+--------+--------+--------+-----+--------+
         Total |   4373 |   4277 |     96 |    540 |   2880 |   4 | 1093.2 |
       Dungeon |   4199 |   4103 |     96 |    540 |   2797 |   3 | 1399.7 |
         Abyss |    173 |    173 |      0 |      0 |     83 |   1 |  173.0 |
               +--------+--------+--------+--------+--------+-----+--------+

Top non-repeatable levels by time:
     D:2: 1769 daAuts
     D:3: 1404 daAuts
     D:1: 1025 daAuts
 Abyss:1: 173 daAuts
